 Dungeon Crawl Stone Soup version 0.27.0-1-g7a089689b8 (webtiles) character file.

Game seed: 7432481732895294095

363 Colgate the Chucker (level 6, 43/55 HPs)
             Began as a Deep Dwarf Fighter on Aug 13, 2021.
             Quit the game on level 4 of the Dungeon.
             The game lasted 00:16:26 (2964 turns).

Colgate the Chucker (Deep Dwarf Fighter)            Turns: 2964, Time: 00:16:27

Health: 43/55      AC:  9    Str: 21    XL:     6   Next: 39%
Magic:  6/6        EV:  8    Int:  9    God:
Gold:   156        SH: 10    Dex: 12    Spells: 5/5 levels left

rFire    + . .     SeeInvis .   a - +0 war axe
rCold    . . .     Faith    .   c - +1 kite shield
rNeg     . . .     Spirit   .   n - +0 ring mail {Will+}
rPois    .         Reflect  .   l - +2 helmet
rElec    .         Harm     .   (no cloak)
rCorr    .         Rampage  .   (no gloves)
Will     ++...                  (no boots)
Stlth    +.........             (no amulet)
HPRegen  0.00/turn              p - ring of protection from fire
MPRegen  0.10/turn              r - ring of willpower

@: no status effects
A: damage resistance, heal wounds, sense surroundings 1, no regeneration
a: Heal Wounds


You were on level 4 of the Dungeon.
You visited 1 branch of the dungeon, and saw 4 of its levels.

You collected 156 gold pieces.

Inventory:

Hand Weapons
 a - a +0 war axe (weapon)
Missiles
 e - 106 stones (quivered)
 g - 7 curare-tipped darts
 i - 12 poisoned darts
 j - 13 sling bullets
Armour
 b - a +0 scale mail
 c - a +1 kite shield (worn)
 d - a +0 leather armour
 f - a +0 chain mail
 l - a +2 helmet (worn)
 n - a +0 ring mail of willpower (worn)
Jewellery
 p - a ring of protection from fire (left hand)
 r - a ring of willpower (right hand)
Scrolls
 k - 2 scrolls of teleportation
Potions
 h - a potion of attraction
 m - 3 potions of degeneration {unknown}


   Skills:
 - Level 2.6 Fighting
 + Level 4.1 Axes
 - Level 4.2 Throwing
 - Level 4.0 Armour
 - Level 4.0 Shields


You had 5 spell levels left.
You didn't know any spells.
Your spell library contained the following spells:

 Spells                   Type           Power      Damage    Failure   Level
 Corpse Rot               Necr/Air       N/A        N/A       99%         2
 Poisonous Vapours        Pois/Air       0%         N/A       99%         2
 Static Discharge         Conj/Air       0%         N/A       99%         2
 Freezing Cloud           Conj/Ice/Air   0%         6-21      100%        5
 Lightning Bolt           Conj/Air       0%         1d11      100%        5
 Maxwell's Capacitive Co  Air            0%         ∞         100%        8


Dungeon Overview and Level Annotations

Branches:
Dungeon (4/15)
 Temple: D:4-7

Altars:

Shops:
D:4 (


Innate Abilities, Weirdness & Mutations

You are resistant to damage.
You can heal yourself by infusing magical energy.
You passively map a small area around you.
You do not regenerate.


Message History

e - 106 stones (gained 1)
Found a stone staircase leading down.
There is an entrance to Rutegay's Weapon Emporium here.
You can access your shopping list by pressing '$'.
Found 3 large rocks.
Found a stone staircase leading down.
You now have 138 gold pieces (gained 4).
There is a stone staircase leading down here.
m - 3 fuming blue potions (gained 2)
A hobgoblin comes into view.
The hobgoblin shouts!
Found a stone staircase leading up.
You throw a stone. The stone closely misses the hobgoblin.
You slash the hobgoblin!
You kill the hobgoblin!
You see here a hobgoblin corpse.
Found an escape hatch in the ceiling.
e - 106 stones (gained 1)
You now have 148 gold pieces (gained 10).
Found a stone staircase leading up.
There is an escape hatch in the ceiling here.
Okay, then.
There is a stone staircase leading up here.
You now have 156 gold pieces (gained 8).
i - 10 poisoned darts (gained 1)
i - 11 poisoned darts (gained 1)
i - 12 poisoned darts (gained 1)
There is a stone staircase leading up here.
Found a leather armour.
There is a stone staircase leading up here.
You see here a hobgoblin corpse.
There is a stone staircase leading down here.
Found 19 arrows.
Done exploring.
Done exploring.
Done exploring.
Search for what [Enter for "d:3", or ? for help]?
Okay, then.
Okay, then.
Are you sure you want to abandon this character and quit the game? (Confirm with "yes".)

#..# ##.## ##..#
##..## #..## #.## #.#
..# ##################
#####...........@....#
.))....#############.#
####....# #.# #..#
###....## ##.## ##..#
#...##..# #...# #..##
#.#####.###.#.###.##
##.....#..#..#..#..#
.......##...###...##
.##....##...# #...#


There were no monsters in sight!

Vanquished Creatures
  A water moccasin (D:4)
  A wyvern skeleton (D:4)
  A jelly (D:2)
  A centaur skeleton (D:4)
  6 adders
  3 worms (D:2)
  A dart slug (D:2)
  6 orcs
  4 bats
  6 endoplasms
  4 giant cockroaches (D:1)
  4 goblins
  9 hobgoblins
  6 jackals
  3 kobolds (D:3)
  2 quokkas
  9 ball pythons
  6 frilled lizards
  3 rats
76 creatures vanquished.

Vanquished Creatures (others)
  2 fungi (D:1)
  6 plants (D:1)
8 creatures vanquished.

Grand Total: 84 creatures vanquished

Notes
Turn   | Place    | Note
-------+----------+-------------------------------------------
     0 | D:1      | Colgate the Deep Dwarf Fighter began the quest for the Orb.
     0 | D:1      | Reached XP level 1. HP: 20/20 MP: 1/1
    76 | D:1      | Found a faded altar of an unknown god.
   125 | D:1      | Reached XP level 2. HP: 27/27 MP: 2/2
   746 | D:1      | Reached XP level 3. HP: 12/33 MP: 3/3
   969 | D:2      | Reached XP level 4. HP: 34/40 MP: 4/4
  1387 | D:2      | Reached skill level 1 in Throwing
  1494 | D:3      | You fall into a shaft and drop 1 floor!
  1498 | D:4      | Noticed a water moccasin
  1509 | D:4      | Killed a water moccasin
  1510 | D:4      | Reached XP level 5. HP: 18/46 MP: 5/5
  1594 | D:4      | Reached XP level 6. HP: 47/55 MP: 6/6
  2637 | D:4      | Found Rutegay's Weapon Emporium.
  2964 | D:4      | Quit the game

Illustrated notes

Levels and vault maps discovered:
D:1:      minmay_arrival_shattered_statue, layout_basic,
          shapermc_ecumenical_altar_mp_ritualfount
D:2:      layout_loops_ring
D:3:      layout_basic, grunt_decor_resistance
D:4:      layout_rooms, serial_curves, eino_curves_03, eino_curves_03,
          serial_shops, nicolae_diamond_shop

Skill      XL: |  1  2  3  4  5  6 |
---------------+-------------------+-----
Armour         | 4 |  4.0
Shields        | 4 |  4.0
Axes           | 3 4 |  4.1
Throwing       | 3 4 |  4.2
Fighting       | |  2.6

Action                   |  1- 3 |  4- 6 || total
-------------------------+-------+-------++-------
Melee: War axe           |    90 |   106 ||   196
Throw: Dart              |    10 |    54 ||    64
       Stone             |       |    15 ||    15
 Abil: Heal Wounds       |     1 |     2 ||     3
  Use: Potion            |     1 |     1 ||     2
       Scroll            |       |     6 ||     6
Armor: Scale mail        |    36 |    34 ||    70
       Ring mail         |       |     2 ||     2
Dodge: Dodged            |    23 |    25 ||    48
Block: Kite shield       |    47 |    62 ||   109
